 Dungeon Crawl Stone Soup version 0.20-a0-839-gdaf5c57 (webtiles) character file.

1465 Dharzhak the Chopper (level 8, -4/69 HPs)
             Began as a Minotaur Fighter on Mar 8, 2017.
             Killed by divine providence
             ... invoked by an orc priest
              (11 damage)
             ... on level 6 of the Dungeon.
             The game lasted 00:16:28 (5209 turns).

Dharzhak the Chopper (Minotaur Fighter)             Turns: 5209, Time: 00:16:29

Health: -4/69      AC: 11    Str: 21    XL:     8   Next: 48%
Magic:  7/7        EV:  7    Int:  5    God:
Gold:   263        SH: 11    Dex: 12    Spells: 7/7 levels left

rFire    + . .     SeeInvis .   a - +0 war axe
rCold    . . .     Gourm    .   p - +0 chain mail
rNeg     . . .     Faith    .   c - +0 shield
rPois    .         Spirit   .   (helmet restricted)
rElec    .         Reflect  .   (no cloak)
rCorr    .         Harm     .   (no gloves)
MR       .....                  x - +0 pair of boots
Stlth    ..........             (no amulet)
Regen    0.3/turn               (no ring)
MPRegen  0.1/turn               y - ring of protection from fire

@: no status effects
A: retaliatory headbutt, horns 2
a: no special abilities


You were on level 6 of the Dungeon.
You were not hungry.

You visited 1 branch of the dungeon, and saw 6 of its levels.

You collected 263 gold pieces.

Inventory:

Hand Weapons
 a - a +0 war axe (weapon)
 v - a cursed -3 spear
Armour
 c - a +0 shield (worn)
 p - a +0 chain mail (worn)
 x - a +0 pair of boots (worn)
Jewellery
 y - a ring of protection from fire (left hand)
Wands
 q - a wand of iceblast (7/15)
Scrolls
 b - a scroll of holy word {unknown}
 j - 3 scrolls of magic mapping
 m - 2 scrolls of fog {unknown}
 s - a scroll of enchant armour {unknown}
 t - a scroll of noise {unknown}
Potions
 g - a potion of invisibility {unknown}
 h - a potion of mutation
 l - a potion of resistance
 n - 2 potions of berserk rage
 o - 2 potions of lignification
 r - 2 potions of heal wounds
Comestibles
 f - 3 bread rations
 i - 3 royal jellies
 k - 2 meat rations


   Skills:
 + Level 5.6 Fighting
 + Level 7.6 Axes
 + Level 6.6 Armour
 + Level 3.2 Dodging
 + Level 1.2 Stealth
 + Level 7.2 Shields


You had 7 spell levels left.
You didn't know any spells.

Dungeon Overview and Level Annotations

Branches:
Dungeon (6/15)
 Temple: D:4-7

Altars:

Shops:
D:4 (


Innate Abilities, Weirdness & Mutations

You reflexively headbutt those who attack you in melee.
You have a pair of horns on your head.


Message History

You hit the orc wizard.
You kill the orc wizard!
You hit the crimson imp. The orc warrior hits you with a mace!
* * * LOW HITPOINT WARNING * * *
The crimson imp blinks!
The orc priest casts a cantrip, but nothing happens.
You closely miss the orc priest.
The orc priest is severely wounded.
Your shield and chain mail prevent you from hitting the orc warrior.
The orc warrior hits you with a mace.
* * * LOW HITPOINT WARNING * * *
You block the orc priest's attack.
Unknown command.
You closely miss the orc priest. Your headbutt misses the orc priest.
The orc priest is severely wounded.
You hit the orc warrior. The orc warrior hits you with a mace!
* * * LOW HITPOINT WARNING * * *
The orc priest mumbles some strange prayers to Beogh against you.
Beogh smites you!
You die...

#. #.....+ #.#
#..... S ###.. #....
.. ..##. #..# ...
#.##.##..# =..
#.##.....# ..
#####.###.##.# ###
#+###.#)..)......#.#
#..
...$.5o@###.####.#.#
#.. ...!...)o...#
#.#.# #..
.......###### #.#.#
#.. ....... #...#
#.. ....... ##..#
#.. ....... #..###..
....... #.>.....
...#### ######.. ###


You could see an orc warrior, an orc priest, a crimson imp and an adder
(wandering).

Vanquished Creatures
  Prince Ribbit (D:5)
  Sigmund (D:3)
  A phantom (D:3)
  A centaur (D:4)
  A scorpion (D:6)
  A howler monkey (D:4)
  2 crimson imps (D:5)
  2 hounds
  A jelly (D:6)
  An orc wizard (D:6)
  3 orc priests
  A bullfrog skeleton (D:5)
  A centaur zombie (D:5)
  Jessica (D:3)
  5 worker ants
  An iguana (D:4)
  Natasha (thrice) (D:2)
  2 hound skeletons
  Robin (D:4)
  3 gnolls (D:4)
  6 adders
  A shadow imp (D:6)
  An ooze (D:5)
  An adder zombie (D:6)
  A worm (D:3)
  2 dart slugs (D:2)
  5 leopard geckos
  7 orcs
  A ball python (D:3)
  4 giant cockroaches
  11 hobgoblins
  14 jackals
  6 kobolds
  3 quokkas
  8 bats
  6 frilled lizards
  20 goblins
  A jackal skeleton (D:5)
  A jackal zombie (D:5)
  A leopard gecko skeleton (D:5)
  8 rats
141 creatures vanquished.

Notes
Turn   | Place    | Note
-------+----------+-------------------------------------------
     0 | D:1      | Dharzhak the Minotaur Fighter began the quest for the Orb.
     0 | D:1      | Reached XP level 1. HP: 19/19 MP: 0/0
   340 | D:1      | Reached XP level 2. HP: 27/27 MP: 1/1
   812 | D:2      | Reached XP level 3. HP: 27/33 MP: 2/2
   942 | D:2      | Noticed Natasha
   947 | D:2      | Killed Natasha
  1055 | D:2      | Reached XP level 4. HP: 32/40 MP: 3/3
  1056 | D:2      | Noticed Natasha
  1062 | D:2      | Killed Natasha
  1184 | D:2      | Noticed Natasha
  1188 | D:2      | Killed Natasha
  1199 | D:2      | Reached XP level 5. HP: 37/46 MP: 4/4
  1626 | D:3      | Reached skill level 1 in Dodging
  1768 | D:3      | Found a faded altar of an unknown god.
  1777 | D:3      | Noticed Jessica
  1782 | D:3      | Killed Jessica
  1929 | D:3      | Noticed Sigmund
  1946 | D:3      | Killed Sigmund
  1946 | D:3      | Reached skill level 5 in Axes
  1946 | D:3      | Reached skill level 5 in Armour
  1946 | D:3      | Reached skill level 5 in Shields
  1946 | D:3      | Reached XP level 6. HP: 30/53 MP: 5/5
  2665 | D:4      | Noticed Robin
  2853 | D:3      | Reached XP level 7. HP: 40/60 MP: 6/6
  2958 | D:4      | Killed Robin
  3362 | D:4      | Found Biar's Antique Weapon Boutique.
  3733 | D:5      | Entered Level 5 of the Dungeon
  4132 | D:5      | Reached skill level 5 in Fighting
  4264 | D:5      | Reached XP level 8. HP: 67/68 MP: 7/7
  4384 | D:5      | Noticed Prince Ribbit
  4636 | D:5      | Reached skill level 1 in Stealth
  4685 | D:5      | Killed Prince Ribbit
  5209 | D:6      | Killed from afar by an orc priest

Vault maps used:
D:1:      lightli_arrival_boilingwater
D:2:      kennysheep_potato, uniq_natasha
D:3:      chequers_ecumenical_altar_island, uniq_jessica, uniq_sigmund
D:4:      serial_shops, nicolae_shop_crystal, first_bread, uniq_robin
D:5:      uniq_prince_ribbit1
D:6:      dancing_weapons_uskayaw

Skill      XL: |  1  2  3  4  5  6  7  8 |
---------------+-------------------------+-----
Axes           | 3 4 5 6 7 |  7.6
Armour         | 4 5 6 |  6.6
Shields        | 4 5 6 7 |  7.2
Fighting       | 4 5 |  5.6
Dodging        | 2 3 |  3.2
Stealth        | 1 |  1.2

Action                   |  1- 3 |  4- 6 |  7- 9 || total
-------------------------+-------+-------+-------++-------
Melee: War axe           |    85 |   163 |   161 ||   409
       Headbutt          |     2 |    23 |    29 ||    54
  Use: Scroll            |     3 |     7 |     2 ||    12
       Potion            |       |       |     2 ||     2
  Eat: Chunk             |     1 |     6 |     4 ||    11
       Fruit             |       |       |     4 ||     4
Armor: Scale mail        |    43 |    72 |    28 ||   143
       Chain mail        |       |       |    40 ||    40
Dodge: Dodged            |    31 |    70 |    54 ||   155
Block: Shield            |    42 |   116 |   118 ||   276
